 Dungeon Crawl Stone Soup version 0.31-a0-988-g08d55dae12 (webtiles) character file.

Game seed: 16625789838447835830

27766 Armakuni the Cruncher (level 13, -1/92 HPs)
             Began as a Human Artificer on Nov 4, 2023.
             Was an Elder of the Shining One.
             Slain by a meliai
             ... wielding a +0 hand axe
              (8 damage)
             ... on level 14 of the Dungeon.
             The game lasted 00:48:15 (12571 turns).

Armakuni the Cruncher (Human Artificer)            Turns: 12571, Time: 00:48:16

Health: -1/92      AC: 22    Str: 17    XL:     13   Next: 68%
Magic:  19/19      EV: 10    Int: 13    God:    the Shining One [****..]
Gold:   888        SH:  0    Dex: 16    Spells: 12/12 levels left

rFire   + . .        a - +4 quarterstaff (heavy)
rCold   . . .        (shield currently unavailable)
rNeg    + + +        g - +8 chain mail "Waibb" {rN+}
rPois   .            e - +0 helmet
rElec   .            w - +0 cloak
rCorr   .            E - +0 pair of fencer's gloves {Riposte Dex+3}
SInv    .            (no boots)
Will    ++...        R - amulet "Arumimij" {+Inv rF+ Regen+} Stlth
                     W - ring of willpower
HPRegen 1.15/turn    M - ring of willpower
MPRegen 0.16/turn

%: no passive effects
@: about to teleport, glowing
A: no striking features
a: Renounce Religion, Evoke Invisibility, Divine Shield, Cleansing Flame


You were on level 14 of the Dungeon.
You worshipped the Shining One.
The Shining One was greatly pleased with you.
You visited 1 branch of the dungeon, and saw 14 of its levels.
You also visited: Ossuary and Bailey.

You collected 890 gold pieces.
You spent 2 gold pieces at shops.

Inventory:

Hand Weapons
 a - a +4 heavy quarterstaff (weapon)
 b - the +9 whip of Grandeur {venom, *Rage rElec Will- SInv}
   (You found it on level 3 of the Dungeon)

   rElec:     It insulates you from electricity.
   Will-:     It decreases your willpower.
   SInv:      It lets you see invisible.
   *Rage:     It berserks you when you make melee attacks (+20% chance).
 c - a +1 demon whip of flaming
 x - the +6 spear of Ypoofygu {flame, rElec}
   (You found it on level 2 of the Dungeon)

   rElec:     It insulates you from electricity.
 G - a -1 hand cannon
Missiles
 k - 4 javelins
 l - 10 boomerangs
 s - a curare-tipped dart (quivered)
Armour
 e - a +0 helmet (worn)
 g - the +8 chain mail "Waibb" (worn) {rN+}
   (You found it in a bailey)

   rN+:       It protects you from negative energy.
 u - the +1 pair of boots of Boiling Hail {Harm rN+ Int+3}
   (You found it on level 5 of the Dungeon)

   Int+3:     It affects your intelligence (+3).
   rN+:       It protects you from negative energy.
   Harm:      It increases damage dealt and taken.
 w - a +0 cloak (worn)
 E - the +0 pair of fencer's gloves (worn) {Riposte Dex+3}
   (You found it in a bailey)

   Riposte:   It allows the wearer to riposte with melee weapons, swiftly
   retaliating against missed or blocked melee attacks.
   Dex+3:     It affects your dexterity (+3).
Jewellery
 K - an amulet of regeneration
 M - a ring of willpower (right hand)
 R - the amulet "Arumimij" (around neck) {+Inv rF+ Regen+}
   (You acquired it on level 4 of the Dungeon)

   [amulet of regeneration]

   rF+:       It protects you from fire.
   +Inv:      It lets you turn invisible.
   Regen+:    It increases your rate of health regeneration.
 W - a ring of willpower (left hand)
Wands
 r - a wand of roots (6)
 v - a wand of flame (40)
Scrolls
 i - 5 scrolls of fog
 j - 4 scrolls of amnesia
 n - 4 scrolls of teleportation
 o - 2 scrolls of immolation
 p - 4 scrolls of vulnerability
 y - 2 scrolls of identify
 B - 3 scrolls of poison
 D - 2 scrolls of butterflies
 F - a scroll of revelation
 H - 2 scrolls of noise
 I - a scroll of enchant armour
 J - a scroll of silence
Potions
 d - 2 potions of haste
 f - 3 potions of brilliance
 h - 3 potions of curing
 q - a potion of enlightenment
 t - 2 potions of lignification
 z - 2 potions of cancellation
 A - 2 potions of attraction
 C - 3 potions of mutation


   Skills:
 - Level 5.6 Fighting
 + Level 9.5(11.9) Maces & Flails
 - Level 4.0(8.3) Polearms
 - Level 11.4(13.0) Staves
 - Level 7.9 Armour
 - Level 5.0 Dodging
 - Level 1.0 Stealth
 + Level 9.0 Invocations
 - Level 10.0 Evocations


You had 12 spell levels left.
You didn't know any spells.
Your spell library contained the following spells:

 Spells                   Type           Power      Damage    Failure   Level
 Sting                    Tmut/Pois      0%         1d3       94%         1
 Poisonous Vapours        Pois/Air       0%         N/A       98%         2
 Ozocubu's Armour         Ice            0%         N/A       100%        3
 Olgreb's Toxic Radiance  Pois           0%         N/A       100%        4
 Alistair's Intoxication  Tmut/Pois      0%         N/A       100%        5
 Borgnjor's Vile Clutch   Necr/Erth      0%         N/A       100%        5
 Metabolic Englaciation   Hex/Ice        0%         N/A       100%        5
 Eringya's Noxious Bog    Tmut/Pois      0%         4d6       100%        6
 Simulacrum               Ice/Necr       0%         N/A       100%        6


Dungeon Overview and Level Annotations

Branches:
Dungeon (14/15)              Lair (0/5) D:8             Orc (0/2) D:10
 Vaults (0/5) D:13        Ossuary (visited)          Bailey (visited)
 Temple: D:4-7

Altars:
Ashenzari
Dithmenos
Makhleb
Okawaru
Ru
Trog
Uskayaw
Wu Jian
Yredelemnul
The Shining One

Shops:
D:2 [   D:8 *   D:11 *

Portals:
Trove: D:11 (give +3 ice dragon scales)

Annotations:
D:9 1 transporter


Message History

The Shining One accepts your kill.
You feel better. The meliai hits you with a +0 hand axe.
The meliai stings you but does no damage.
The meliai hits you but does no damage. The meliai stings you.
The meliai invokes the aid of its god against you.
Something smites you!
* * * LOW HITPOINT WARNING * * *
You feel much better. The meliai hits you with a +0 hand axe!
The meliai stings you.
You are poisoned.
The meliai poisons you! The meliai closely misses you.
The meliai stings you but does no damage.
The meliai invokes the aid of its god against you.
Something smites you!
* * * LOW HITPOINT WARNING * * *
The meliai hits you but does no damage. The meliai misses you.
You feel much better.
You feel very sick.
The meliai mumbles some strange prayers to its god against you.
Something smites you!
* * * LOW HITPOINT WARNING * * *
The meliai closely misses you.
You riposte.
You sock the meliai!
The meliai is severely wounded.
The meliai stings you but does no damage.
The meliai mumbles some strange prayers to its god against you.
Something smites you!
* * * LOW HITPOINT WARNING * * *
The meliai closely misses you. The meliai stings you.
* * * LOW HITPOINT WARNING * * *
You are lethally poisoned!
The meliai poisons you! The meliai hits you but does no damage.
The meliai stings you.
* * * LOW HITPOINT WARNING * * *
You feel better. The meliai hits you with a +0 hand axe!
* * * LOW HITPOINT WARNING * * *
The meliai stings you but does no damage.
The meliai hits you but does no damage.
The meliai stings you but does no damage.
The meliai hits you with a +0 hand axe!
You die...

#......###.<........
##....####.#........
##..##.#...........
##.................#
#......>...)........
###..#..............
#####.............
#.......^###..
##@y....## #yy.....#
.......## ..........
...........
............
.............
..............


You could see 3 meliai.

Vanquished Creatures
  An ironbound preserver (D:13)
  A hydra (D:13)
  2 centaur warriors
  4 two-headed ogres
  4 boulder beetles
  7 hell knights (D:10)
  The ghost of nago the Slasher, a novice MfBr (D:5)
  3 ugly things (D:13)
  2 manticores (D:13)
  2 cyclopes
  4 gargoyles
  3 unseen horrors
  A komodo dragon (D:11)
  An efreet (D:13)
  6 trolls
  A hornet (D:8)
  2 shadows
  2 wyverns
  2 vampires
  5 wraiths
  6 yaks
  A steam dragon (D:6)
  3 vampire mosquitoes (D:14)
  The ghost of adozu the Insei, an amateur OpSh (D:3)
  4 acid dragons
  4 hell hounds (D:10)
  7 orc warriors
  2 ice beasts
  3 ogres
  A sky beast (D:8)
  6 centaurs
  A phantom (D:4)
  3 kobold brigands (D:8)
  3 bullfrogs
  6 scorpions
  5 wights
  4 killer bees (D:10)
  9 vampire bats (Bailey)
  6 howler monkeys
  6 electric eels (D:12)
  10 wolf zombies (Bailey)
  2 centaur zombies (Ossuary)
  2 human zombies (Ossuary)
  7 orc priests
  4 hounds
  Crazy Yiuf (D:5)
  2 iguanas
  2 sleepcaps
  9 orc wizards
  4 mummies (Ossuary)
  6 adders
  8 gnolls
  A shadow imp (D:7)
  3 white imps (D:5)
  2 ufetubi (D:5)
  4 worms
  4 dart slugs
  46 orcs
  4 bats
  10 endoplasms
  4 giant cockroaches
  A gnoll zombie (Ossuary)
  13 goblins
  13 hobgoblins
  11 kobolds
  6 quokkas
  4 ball pythons
  2 frilled lizards (D:2)
  2 hobgoblin zombies (Ossuary)
  A kobold zombie (Ossuary)
  23 orc zombies (Bailey)
  7 rats
353 creatures vanquished.

Vanquished Creatures (collateral kills)
  A hell hound (D:10)
  3 wights (D:7)
  An orc wizard (D:8)
  2 gnolls (D:4)
7 creatures vanquished.

Vanquished Creatures (others)
  A hell knight (D:10)
  3 yaks (D:8)
  2 hell hounds (D:10)
  A scorpion (D:4)
  A wight (D:7)
  2 jellies (D:5)
10 creatures vanquished.

Grand Total: 370 creatures vanquished

Notes
Turn   | Place    | Note
-------+----------+-------------------------------------------
     0 | D:1      | Armakuni the Human Artificer began the quest for the Orb.
     0 | D:1      | Reached XP level 1. HP: 15/15 MP: 1/1
   197 | D:1      | Reached XP level 2. HP: 20/21 MP: 2/2
   403 | D:1      | Reached XP level 3. HP: 26/26 MP: 3/3
  1161 | D:2      | Reached XP level 4. HP: 32/32 MP: 4/4
  1204 | D:2      | Found Lungiufi's Antique Armour Boutique.
  1400 | D:2      | Identified the +6 spear of Ypoofygu {flame, rElec}
  1845 | D:3      | Reached skill level 5 in Evocations
  2075 | D:3      | Reached XP level 5. HP: 37/37 MP: 5/5
  2177 | D:3      | Found a faded altar of an unknown god.
  2530 | D:3      | Found a burning altar of Makhleb.
  2538 | D:3      | Identified the +9 whip of Grandeur {venom, *Rage rElec
                  | Will- SInv}
  2546 | D:3      | Found a runed translucent door.
  2547 | D:3      | Noticed adozu's ghost (amateur OpSh)
  2547 | D:3      | Noticed a bullfrog
  2557 | D:3      | Killed a bullfrog
  2574 | D:3      | Killed adozu's ghost
  2575 | D:3      | Reached XP level 6. HP: 12/43 MP: 6/6
  2588 | D:3      | Found a runed translucent door.
  3434 | D:4      | Found a basalt altar of Yredelemnul.
  3478 | D:4      | Reached XP level 7. HP: 43/48 MP: 7/7
  3840 | D:4      | Found a broken altar of Ashenzari.
  3959 | D:4      | Identified a scroll of acquirement
  3959 | D:4      | Acquired the amulet "Arumimij" {+Inv rF+ Regen+}
  4106 | D:5      | Entered Level 5 of the Dungeon
  4234 | D:5      | Reached XP level 8. HP: 38/54 MP: 8/8
  4251 | D:5      | Found a runed translucent gate.
  4251 | D:5      | Found a runed translucent gate.
  4251 | D:5      | Found a runed translucent gate.
  4251 | D:5      | Noticed nago's ghost (novice MfBr)
  4315 | D:5      | Identified the +1 pair of boots of Boiling Hail {Harm rN+
                  | Int+3}
  4353 | D:5      | Found a runed translucent door.
  4354 | D:5      | Noticed Crazy Yiuf
  4361 | D:5      | Killed Crazy Yiuf
  4588 | D:5      | Reached skill level 10 in Evocations
  4615 | D:5      | Killed nago's ghost
  4616 | D:5      | Reached XP level 9. HP: 43/62 MP: 9/9
  5018 | D:6      | Found a sacrificial altar of Ru.
  5429 | D:6      | Found a hide-covered altar of Uskayaw.
  5826 | D:7      | Found an iron altar of Okawaru.
  5832 | D:7      | Reached skill level 5 in Armour
  5853 | D:7      | Reached skill level 5 in Fighting
  5853 | D:7      | Reached skill level 5 in Dodging
  5977 | D:7      | Found a shadowy altar of Dithmenos.
  5995 | D:7      | Reached skill level 1 in Polearms
  6064 | D:7      | Found a flagged portal.
  6097 | Bailey   | Entered a bailey
  6193 | Bailey   | Reached XP level 10. HP: 74/74 MP: 10/10
  6278 | Bailey   | Reached skill level 1 in Maces & Flails
  6395 | Bailey   | Identified the amulet of Maze {Acrobat rElec rN+}
  6502 | Bailey   | Noticed a gargoyle
  6516 | Bailey   | Killed a gargoyle
  6570 | Bailey   | Found the +0 pair of fencer's gloves {Riposte Dex+3}
  6594 | Bailey   | Identified the +8 chain mail "Waibb" {rN+}
  6984 | D:7      | Identified the +3 spear of the Noxious God {vamp, Str+5
                  | SInv Stlth+}
  7256 | D:8      | Reached skill level 1 in Staves
  7271 | D:8      | Reached skill level 2 in Staves
  7481 | D:8      | Found a staircase to the Lair.
  7491 | D:8      | Found a glowing golden altar of the Shining One.
  7492 | D:8      | Found an ornate altar of the Wu Jian Council.
  7546 | D:8      | Became a worshipper of the Shining One
  7570 | D:8      | Found a sand-covered staircase.
  7580 | Ossuary  | Entered an ossuary
  7620 | Ossuary  | Reached skill level 3 in Staves
  7719 | Ossuary  | Reached * piety under the Shining One
  7905 | D:8      | Found Laygavai's Lightly-Used Armoury.
  7913 | D:8      | Bought a -3 demon whip for 1 gold piece
  7913 | D:8      | Bought a -1 hand cannon for 1 gold piece
  7983 | D:8      | Reached XP level 11. HP: 80/80 MP: 11/11
  8002 | D:8      | Noticed a centaur warrior
  8019 | D:8      | Killed a centaur warrior
  8020 | D:8      | Reached skill level 4 in Staves
  8167 | D:9      | Reached skill level 5 in Staves
  8288 | D:9      | Reached skill level 6 in Staves
  8438 | D:9      | Found a transporter.
  8509 | D:9      | Reached ** piety under the Shining One
  8516 | D:9      | Reached skill level 7 in Staves
  8989 | D:10     | Entered Level 10 of the Dungeon
  9059 | D:10     | Noticed a two-headed ogre
  9066 | D:10     | Killed a two-headed ogre
  9107 | D:10     | Reached skill level 8 in Staves
  9212 | D:10     | Found a staircase to the Orcish Mines.
  9333 | D:10     | Found a bloodstained altar of Trog.
  9674 | D:10     | Noticed a hell knight
  9684 | D:10     | Killed a hell knight
  9685 | D:10     | Reached skill level 9 in Staves
  9748 | D:10     | Noticed a hell knight
  9752 | D:10     | Noticed a hell knight
  9753 | D:10     | Noticed a hell knight
  9757 | D:10     | Noticed a hell knight
  9758 | D:10     | Noticed a hell knight
  9758 | D:10     | Reached *** piety under the Shining One
  9766 | D:10     | Noticed a hell knight
  9775 | D:10     | Killed a hell knight
  9776 | D:10     | Reached XP level 12. HP: 52/86 MP: 12/12
  9822 | D:10     | Killed a hell knight
  9823 | D:10     | Reached skill level 10 in Staves
  9838 | D:10     | Killed a hell knight
  9840 | D:10     | Killed a hell knight
  9852 | D:10     | Killed a hell knight
  9853 | D:10     | Reached skill level 11 in Staves
  9891 | D:10     | Noticed a hell knight
  9904 | D:10     | Killed a hell knight
  9989 | D:11     | Found a portal to a secret trove of treasure.
 10055 | D:11     | Found Cunitur's General Store.
 10123 | D:11     | Reached skill level 1 in Invocations
 10186 | D:11     | Noticed a boulder beetle
 10201 | D:11     | Killed a boulder beetle
 10202 | D:11     | Reached skill level 5 in Maces & Flails
 10333 | D:11     | Noticed a two-headed ogre
 10345 | D:11     | Killed a two-headed ogre
 10742 | D:12     | Identified the of Ecavud
 10776 | D:12     | Noticed a two-headed ogre
 10784 | D:12     | Killed a two-headed ogre
 10785 | D:12     | Reached skill level 5 in Invocations
 10940 | D:12     | Noticed a boulder beetle
 10959 | D:12     | Reached XP level 13. HP: 92/92 MP: 17/17
 11458 | D:13     | Identified the "Ahem"
 11548 | D:13     | Identified the +2 robe of Greed {Int+3 Slay+3}
 11574 | D:13     | Noticed a seven-headed hydra
 11583 | D:13     | Killed a seven-headed hydra
 11673 | D:13     | Noticed an ironbound preserver
 11691 | D:13     | Killed an ironbound preserver
 11716 | D:13     | Reached **** piety under the Shining One
 11795 | D:13     | Noticed a centaur warrior
 11810 | D:13     | Killed a centaur warrior
 12116 | D:13     | Identified the +1 robe of Broken Taboos {rN+}
 12261 | D:13     | Found a gate to the Vaults.
 12571 | D:14     | Slain by a meliai

Illustrated notes

Levels and vault maps discovered:
D:1:      psy_arrival_statuary, layout_loops_ring
D:2:      layout_basic, serial_shops, shop, minmay_pentomino_u4
D:3:      layout_basic, bloody_makhleb, ebering_ghost_sewer_f,
          shapermc_ecumenical_altar_ellora, kennysheep_path_1
D:4:      wander_river, layout_loops_ring, marbit_many_paths,
          mainiacjoe_overflow_catwalk, minmay_temple_entry_from_below_a
D:5:      layout_gridville, gammafunk_ghost_split, uniq_crazy_yiuf_cottage
D:6:      layout_basic, kennysheep_little_box, overflow_temple_1_default,
          portal_sewer_entry_d, kennysheep_big_empty_room,
          minmay_misc_feat_secret_circle, serial_park_tiny_2,
          minmay_statues_item
D:7:      layout_loops_ring, nicolae_dithmenos_through_a_glass_darkly,
          mainiacjoe_overflow_surrounded_room, enter_bailey_5
D:8:      minmay_chambers_of_fours, layout_cave_pools,
          gammafunk_temple_overflow_pools, mainiacjoe_ossuary_entry_dusty_tomb,
          minmay_shop_damaged
D:9:      layout_grid_maze, dk_noncrumbling_3, nicolae_diode_basic
D:10:     layout_cave_pools, mainiacjoe_overflow_alcove_2, orc_david_3,
          serial_rivers, chequers_serial_rivers_marsh,
          chequers_serial_rivers_small_b, chequers_serial_rivers_room_a,
          chequers_serial_rivers_micro_e, chequers_serial_rivers_micro_c,
          chequers_serial_rivers_room_b, minmay_rotating_lava
D:11:     layout_roguey, nicolae_trove_entry_crystal, serial_shops,
          nicolae_shop_peninsula
D:12:     layout_basic
D:13:     layout_irregular_city, skrybe_vaults_entry_preservation
D:14:     layout_cave_pools, special_room [special_room_bee],
          old_standard_altar, minivault_28

Skill      XL: |  1  2  3  4  5  6  7  8  9 10 11 12 13 |
---------------+----------------------------------------+-----
Evocations     | 4 5 6 7 8 10 | 10.0
Fighting       | 2 5 |  5.6
Armour         | 3 5 7 |  7.9
Dodging        | 2 5 |  5.0
Polearms       | 2 4 |  4.0
Maces & Flails | 4 7 9 |  9.5
Staves         | 3 9 11 | 11.4
Invocations    | 5 9 |  9.0
Stealth        | |  1.0

Action                     |  1- 3 |  4- 6 |  7- 9 | 10-12 | 13-15 || total
---------------------------+-------+-------+-------+-------+-------++-------
  Melee: Whip              |    55 |       |       |    35 |       ||    90
         Punch             |     4 |     2 |     6 |     8 |       ||    20
         Dagger            |   113 |    47 |       |       |       ||   160
         Spear             |       |    91 |   284 |   299 |       ||   674
         Quarterstaff      |       |       |       |   203 |   126 ||   329
  Throw: Dart              |       |       |       |     3 |     1 ||     4
 Invoke: Divine Shield     |       |       |       |     1 |       ||     1
Ability: Evoke Invisibilit |       |       |       |     1 |       ||     1
  Evoke: Wand              |     2 |     2 |    17 |    38 |     6 ||    65
    Use: Scroll            |     5 |     3 |     5 |     9 |     4 ||    26
         Potion            |       |     2 |       |     9 |     5 ||    16
   Stab: Distracted        |       |     1 |       |       |       ||     1
         Invisible         |       |       |       |     6 |       ||     6
 Armour: Ring mail         |    95 |    74 |   185 |   149 |       ||   503
         Chain mail        |       |       |       |   338 |   178 ||   516
  Dodge: Dodged            |    75 |    44 |   129 |   337 |    74 ||   659
  Block: Other             |       |       |       |     1 |       ||     1
Riposte: Spear             |       |       |       |    15 |       ||    15
         Quarterstaff      |       |       |       |    31 |    12 ||    43
         Whip              |       |       |       |     2 |       ||     2

Table legend: (Time is in decaauts)
 A = Elapsed time spent in this place.
 B = Non-inter-level travel time spent in this place.
 C = Inter-level travel time spent in this place.
 D = Time resting spent in this place.
 E = Time spent auto-exploring this place.
 F = Levels seen in this place.
 G = Mean time per level.
                   A        B        C        D        E       F      G
               +--------+--------+--------+--------+--------+-----+--------+
         Total |  12717 |  12304 |    413 |    844 |   7713 |  16 |  794.8 |
       Dungeon |  11932 |  11519 |    413 |    794 |   7487 |  14 |  852.3 |
       Ossuary |    215 |    215 |      0 |     19 |     72 |   1 |  215.0 |
        Bailey |    569 |    569 |      0 |     31 |    154 |   1 |  569.0 |
               +--------+--------+--------+--------+--------+-----+--------+

Top non-repeatable levels by time:
     D:4: 1226 daAuts
    D:13: 1096 daAuts
     D:3: 1066 daAuts
     D:2: 997 daAuts
    D:10: 969 daAuts
     D:9: 911 daAuts
     D:6: 911 daAuts
     D:7: 906 daAuts
     D:1: 848 daAuts
    D:11: 761 daAuts
     D:5: 753 daAuts
    D:12: 750 daAuts
     D:8: 707 daAuts
  Bailey: 569 daAuts
 Ossuary: 215 daAuts
